[ AOE2 MATCH · #478332075 ]
UnrankedTupi vs Persians
[ REPLAY ANALYSIS · EXTRACTED FROM THE RECORDED GAME ]
Feudal
13:32
Castle
17:27
Imperial
38:43
| APM avg | 32.8 |
| APM peak | 80 |
| eAPM avg | 20.1 |
| Villagers / military | 180 / 97 |
Focus
⚔️ 46.8% · 🌾 53.2%
Unknown (2579) ×190 · Skirmisher ×73 · Spearman ×21 · Fishing Ship ×6 · Trebuchet (Packed) ×3
Feudal
13:37
Castle
17:33
Imperial
39:08
| APM avg | 30.3 |
| APM peak | 73 |
| eAPM avg | 19.6 |
| Villagers / military | 205 / 222 |
Focus
⚔️ 36.1% · 🌾 63.9%
Knight ×172 · Scout Cavalry ×50
Feudal
12:02
Castle
24:00
Imperial
36:55
| APM avg | 58.5 |
| APM peak | 95 |
| eAPM avg | 32.2 |
| Villagers / military | 154 / 149 |
Focus
⚔️ 26.3% · 🌾 73.7%
Scout Cavalry ×74 · Monaspa ×68 · Trebuchet (Packed) ×6 · Monk ×1
Feudal
13:15
Castle
17:10
Imperial
42:36
| APM avg | 29.0 |
| APM peak | 62 |
| eAPM avg | 17.7 |
| Villagers / military | 251 / 146 |
Focus
⚔️ 27.6% · 🌾 72.4%
Archer ×115 · Spearman ×26 · Trebuchet (Packed) ×4 · Monk ×1
Feudal
14:30
Castle
18:12
Imperial
47:24
| APM avg | 43.8 |
| APM peak | 94 |
| eAPM avg | 17.0 |
| Villagers / military | 157 / 178 |
Focus
⚔️ 29.4% · 🌾 70.6%
Cavalry Archer ×178
Feudal
12:00
Castle
22:38
Imperial
43:01
| APM avg | 54.7 |
| APM peak | 88 |
| eAPM avg | 23.5 |
| Villagers / military | 153 / 213 |
Focus
⚔️ 25.2% · 🌾 74.8%
Scout Cavalry ×104 · Knight ×59 · Ballista Elephant ×45 · Trebuchet (Packed) ×4 · Monk ×1
Feudal
13:03
Castle
19:20
Imperial
41:31
| APM avg | 56.1 |
| APM peak | 98 |
| eAPM avg | 22.2 |
| Villagers / military | 122 / 0 |
Focus
⚔️ 42.7% · 🌾 57.3%
Unknown (1952) ×150 · Unknown (1944) ×74 · Unknown (1942) ×8 · Unknown (1954) ×1
Feudal
12:23
Castle
25:30
Imperial
43:36
| APM avg | 48.5 |
| APM peak | 87 |
| eAPM avg | 16.9 |
| Villagers / military | 172 / 248 |
Focus
⚔️ 32.3% · 🌾 67.7%
Mangudai ×95 · Knight ×83 · Scout Cavalry ×67 · Spearman ×3
Match map
Initial resources + every placement click. Lines = walls · curves = elevation contours. ◆ gold · ⬟ stone · ● berries · ✦ relic · ◌ wall gap
Your base· Open — 5t gap
_94_ShaDoW_Arg's base· Open — unwalled flank
SS_T3q's base· Open — unwalled flank
Gasior's base· Open — 13t gap
SSx_Flexa's base· Open — unwalled flank
_warDian_'s base· Open — unwalled flank
__92_Deimos_Arg's base· Open — 6t gap
Fs.JonyBravo's base· Open — unwalled flank
Smoothed initial terrain · ◌ = detected wall gap · hover for details
Inputs per minute
— SSx_SnowwW - - _94_ShaDoW_Arg
Build order — SSx_SnowwW
First 150 of 420 actions detected
| 0:07 | Build | Town Center |
| 2:13 | Build | House |
| 2:33 | Create | Villager (Male) ×4 |
| 2:33 | Create | Villager (Male) ×4 |
| 3:36 | Create | Villager (Male) |
| 3:37 | Create | Villager (Male) |
| 3:46 | Research | Loom |
| 4:09 | Build | Palisade Wall |
| 4:12 | Create | Villager (Male) |
| 4:13 | Create | Villager (Male) |
| 4:17 | Build | Palisade Wall |
| 4:20 | Build | House |
| 4:44 | Build | House |
| 5:05 | Create | Villager (Male) |
| 5:06 | Create | Villager (Male) |
| 5:51 | Create | Villager (Male) |
| 5:59 | Build | Settlement |
| 6:13 | Create | Villager (Male) |
| 6:45 | Create | Villager (Male) ×3 |
| 7:37 | Create | Villager (Male) |
| 7:54 | Build | Palisade Wall |
| 7:57 | Create | Villager (Male) |
| 8:08 | Build | Palisade Wall |
| 8:11 | Create | Villager (Male) |
| 8:16 | Build | House |
| 8:22 | Create | Villager (Male) |
| 8:35 | Build | Settlement |
| 9:08 | Build | House |
| 9:35 | Build | House |
| 9:39 | Create | Villager (Male) |
| 10:01 | Create | Villager (Male) |
| 10:21 | Create | Villager (Male) |
| 10:26 | Build | Palisade Wall |
| 10:27 | Build | Palisade Wall |
| 10:29 | Build | Palisade Wall |
| 10:55 | Create | Villager (Male) |
| 11:22 | Research | Feudal Age |
| 13:02 | Create | Villager (Male) |
| 13:26 | Create | Villager (Male) |
| 13:32 | Age | Feudal Age |
| 13:35 | Build | Market |
| 13:43 | Build | Blacksmith |
| 13:46 | Create | Villager (Male) |
| 13:51 | Build | Dock |
| 14:01 | Create | Villager (Male) |
| 14:22 | Create | Fishing Ship |
| 14:43 | Research | Castle Age |
| 14:55 | Create | Fishing Ship |
| 15:42 | Create | Fishing Ship |
| 16:20 | Build | Palisade Wall |
| 16:35 | Research | Gold Mining |
| 16:38 | Build | Palisade Wall |
| 16:44 | Build | Palisade Gate |
| 16:58 | Create | Fishing Ship |
| 17:06 | Research | Double-Bit Axe |
| 17:27 | Age | Castle Age |
| 17:28 | Create | Fishing Ship |
| 17:39 | Build | Castle |
| 17:49 | Create | Villager (Male) |
| 18:03 | Create | Fishing Ship |
| 18:08 | Create | Villager (Male) |
| 18:41 | Create | Villager (Male) |
| 18:42 | Create | Unit 2579 |
| 18:46 | Build | Farm |
| 18:51 | Build | Farm |
| 18:54 | Build | Farm |
| 18:57 | Build | Farm |
| 18:58 | Create | Unit 2579 |
| 19:08 | Create | Villager (Male) |
| 19:21 | Create | Unit 2579 |
| 19:21 | Create | Unit 2579 |
| 19:34 | Create | Villager (Male) |
| 19:35 | Create | Unit 2579 |
| 19:42 | Research | Fletching |
| 19:53 | Build | House |
| 19:55 | Build | House |
| 19:57 | Build | Palisade Wall |
| 19:59 | Create | Unit 2579 |
| 20:02 | Create | Villager (Male) |
| 20:10 | Research | Horse Collar |
| 20:20 | Research | Padded Archer Armor |
| 20:24 | Create | Unit 2579 |
| 20:26 | Create | Unit 2579 |
| 20:27 | Create | Villager (Male) |
| 20:38 | Build | Farm |
| 20:54 | Create | Unit 2579 |
| 20:56 | Create | Villager (Male) |
| 21:10 | Build | University |
| 21:12 | Create | Unit 2579 |
| 21:19 | Create | Villager (Male) |
| 21:30 | Create | Villager (Male) |
| 21:33 | Build | House |
| 21:35 | Build | House |
| 21:58 | Build | Farm |
| 21:59 | Build | Farm |
| 22:04 | Create | Villager (Male) |
| 22:06 | Build | Farm |
| 22:32 | Research | Ballistics |
| 22:45 | Research | Bodkin Arrow |
| 23:01 | Create | Unit 2579 |
| 23:02 | Create | Unit 2579 |
| 23:03 | Create | Villager (Male) ×2 |
| 23:07 | Build | House |
| 23:15 | Create | Villager (Male) |
| 23:46 | Create | Unit 2579 |
| 23:46 | Create | Villager (Male) ×2 |
| 23:53 | Build | Town Center |
| 24:05 | Create | Villager (Male) |
| 24:13 | Build | House |
| 24:28 | Create | Unit 2579 |
| 24:28 | Create | Unit 2579 |
| 24:28 | Create | Unit 2579 |
| 24:41 | Create | Villager (Male) |
| 24:43 | Create | Unit 2579 |
| 24:43 | Create | Unit 2579 |
| 24:54 | Build | House |
| 24:54 | Build | House |
| 25:01 | Create | Villager (Male) |
| 25:01 | Create | Unit 2579 |
| 25:02 | Create | Unit 2579 |
| 25:05 | Research | Town Watch |
| 25:10 | Create | Villager (Male) |
| 25:12 | Build | Farm |
| 25:14 | Build | Farm |
| 26:00 | Create | Unit 2579 |
| 26:00 | Create | Unit 2579 |
| 26:01 | Create | Villager (Male) ×5 |
| 26:03 | Build | Farm |
| 26:04 | Build | Farm |
| 26:07 | Research | Tech 906 |
| 26:10 | Create | Unit 2579 |
| 26:13 | Build | House |
| 26:19 | Build | Palisade Wall |
| 26:20 | Build | Palisade Wall |
| 26:21 | Build | Palisade Wall |
| 26:28 | Create | Villager (Male) |
| 26:31 | Create | Unit 2579 |
| 26:48 | Build | Settlement |
| 27:11 | Create | Unit 2579 |
| 27:26 | Create | Unit 2579 |
| 27:27 | Create | Unit 2579 |
| 27:27 | Create | Unit 2579 |
| 27:35 | Build | Farm |
| 27:38 | Build | Farm |
| 27:41 | Create | Unit 2579 |
| 27:47 | Research | Leather Archer Armor |
| 27:49 | Create | Villager (Male) |
| 27:50 | Create | Villager (Male) |
| 27:50 | Create | Villager (Male) |
| 27:59 | Create | Villager (Male) |
Build order — _94_ShaDoW_Arg
First 150 of 654 actions detected
| 0:42 | Build | Town Center |
| 2:13 | Build | House |
| 2:48 | Create | Villager (Male) |
| 2:49 | Research | Loom |
| 3:06 | Create | Villager (Male) |
| 3:07 | Create | Villager (Male) |
| 3:07 | Create | Villager (Male) |
| 3:07 | Create | Villager (Male) |
| 3:08 | Create | Villager (Male) |
| 3:50 | Create | Villager (Male) |
| 3:51 | Create | Villager (Male) |
| 5:21 | Build | House |
| 5:28 | Create | Villager (Male) |
| 5:29 | Create | Villager (Male) |
| 5:29 | Create | Villager (Male) |
| 5:31 | Create | Villager (Male) |
| 6:18 | Create | Villager (Male) |
| 6:18 | Create | Villager (Male) |
| 6:33 | Create | Villager (Male) |
| 6:34 | Create | Villager (Male) |
| 6:50 | Build | House |
| 6:54 | Create | Villager (Male) |
| 7:05 | Create | Villager (Male) |
| 7:05 | Create | Villager (Male) |
| 7:05 | Create | Villager (Male) |
| 7:06 | Create | Villager (Male) |
| 8:00 | Create | Villager (Male) |
| 8:39 | Build | Mill |
| 8:49 | Create | Villager (Male) |
| 8:58 | Create | Villager (Male) |
| 8:58 | Create | Villager (Male) |
| 9:10 | Build | House |
| 10:43 | Create | Villager (Male) |
| 10:49 | Build | Mining Camp |
| 11:09 | Create | Villager (Male) |
| 11:27 | Research | Feudal Age |
| 11:27 | Research | Feudal Age |
| 11:58 | Build | Mill |
| 12:02 | Build | House |
| 12:26 | Create | Villager (Male) |
| 13:37 | Age | Feudal Age |
| 13:41 | Create | Villager (Male) |
| 13:41 | Create | Villager (Male) |
| 13:44 | Build | Blacksmith |
| 13:51 | Build | Market |
| 14:40 | Create | Villager (Male) |
| 14:57 | Build | Barracks |
| 15:06 | Research | Castle Age |
| 15:06 | Research | Castle Age |
| 16:00 | Create | Villager (Male) |
| 16:11 | Build | House |
| 16:14 | Build | Palisade Wall |
| 16:20 | Create | Villager (Male) |
| 16:27 | Build | Stable |
| 16:42 | Create | Villager (Male) |
| 16:51 | Research | Horse Collar |
| 17:16 | Create | Villager (Male) |
| 17:33 | Age | Castle Age |
| 17:39 | Create | Knight |
| 17:39 | Create | Knight |
| 17:40 | Create | Knight |
| 17:52 | Build | Town Center |
| 17:57 | Create | Villager (Male) |
| 18:10 | Create | Villager (Male) |
| 18:14 | Build | Farm |
| 18:19 | Build | House |
| 18:41 | Create | Villager (Male) |
| 18:45 | Build | Farm |
| 18:52 | Create | Knight |
| 18:52 | Create | Knight |
| 19:06 | Create | Villager (Male) |
| 19:06 | Create | Villager (Male) |
| 19:06 | Create | Villager (Male) |
| 19:10 | Create | Villager (Male) |
| 19:13 | Build | House |
| 19:16 | Build | House |
| 19:17 | Build | House |
| 19:18 | Build | House |
| 19:28 | Create | Villager (Male) |
| 19:34 | Create | Knight |
| 19:57 | Research | Husbandry |
| 19:57 | Research | Husbandry |
| 19:59 | Create | Villager (Male) |
| 20:11 | Build | Palisade Gate |
| 20:29 | Build | Town Center |
| 20:38 | Research | Town Watch |
| 20:42 | Build | Farm |
| 20:47 | Build | Farm |
| 20:50 | Create | Villager (Male) |
| 21:05 | Build | Farm |
| 21:13 | Build | Farm |
| 21:21 | Create | Knight |
| 21:21 | Create | Knight |
| 21:29 | Create | Villager (Male) |
| 21:29 | Create | Villager (Male) |
| 21:54 | Research | Scale Barding Armor |
| 21:55 | Research | Scale Barding Armor |
| 21:58 | Create | Villager (Male) |
| 22:02 | Build | Farm |
| 22:03 | Build | Farm |
| 22:04 | Build | Farm |
| 22:06 | Build | Farm |
| 22:18 | Create | Villager (Male) |
| 22:23 | Build | Farm |
| 22:25 | Build | Farm |
| 22:38 | Build | Farm |
| 22:44 | Build | Farm |
| 22:56 | Create | Knight |
| 22:56 | Create | Knight |
| 23:04 | Create | Villager (Male) |
| 23:04 | Create | Villager (Male) |
| 23:04 | Create | Villager (Male) |
| 23:27 | Create | Villager (Male) |
| 23:27 | Create | Villager (Male) |
| 23:28 | Create | Villager (Male) |
| 23:31 | Build | Farm |
| 23:33 | Build | Farm |
| 23:45 | Create | Villager (Male) |
| 23:46 | Create | Villager (Male) |
| 23:46 | Create | Villager (Male) |
| 23:52 | Create | Villager (Male) |
| 23:52 | Create | Villager (Male) |
| 23:55 | Build | Farm |
| 23:56 | Build | Farm |
| 23:58 | Build | Farm |
| 24:04 | Create | Knight |
| 24:04 | Create | Knight |
| 24:08 | Create | Villager (Male) |
| 24:48 | Research | Forging |
| 24:49 | Create | Villager (Male) |
| 24:49 | Create | Villager (Male) |
| 24:50 | Create | Villager (Male) |
| 24:50 | Create | Villager (Male) |
| 24:51 | Create | Villager (Male) |
| 25:12 | Build | Lumber Camp |
| 25:13 | Build | House |
| 25:22 | Research | Bloodlines |
| 25:24 | Create | Villager (Male) |
| 25:39 | Create | Villager (Male) |
| 25:51 | Create | Knight |
| 25:52 | Create | Knight |
| 25:54 | Create | Villager (Male) |
| 26:06 | Create | Villager (Male) |
| 26:12 | Build | Farm |
| 26:12 | Build | Farm |
| 26:13 | Build | Farm |
| 26:17 | Build | Farm |
| 26:19 | Build | Farm |
| 26:24 | Create | Knight |
| 26:24 | Create | Knight |
Build order — SS_T3q
First 150 of 517 actions detected
| 0:31 | Build | Town Center |
| 1:52 | Build | House |
| 2:52 | Build | House |
| 3:08 | Create | Villager (Male) |
| 3:08 | Create | Villager (Male) |
| 3:36 | Create | Villager (Male) |
| 3:37 | Create | Villager (Male) |
| 3:37 | Create | Villager (Male) |
| 3:37 | Create | Villager (Male) |
| 4:32 | Create | Villager (Male) |
| 4:57 | Build | House |
| 5:05 | Create | Villager (Male) |
| 5:18 | Build | House |
| 5:32 | Create | Villager (Male) |
| 5:56 | Create | Villager (Male) |
| 5:57 | Create | Villager (Male) |
| 6:18 | Create | Villager (Male) |
| 6:19 | Create | Villager (Male) |
| 6:19 | Create | Villager (Male) |
| 6:49 | Create | Villager (Male) |
| 6:52 | Build | House |
| 7:02 | Create | Villager (Male) |
| 7:02 | Create | Villager (Male) |
| 7:07 | Build | House |
| 7:22 | Build | House |
| 7:29 | Build | House |
| 8:23 | Create | Villager (Male) |
| 8:43 | Build | Mill |
| 8:47 | Create | Villager (Male) |
| 9:09 | Research | Loom |
| 9:09 | Research | Loom |
| 9:52 | Research | Feudal Age |
| 10:09 | Build | House |
| 10:27 | Build | Barracks |
| 10:29 | Build | House |
| 10:31 | Build | House |
| 11:41 | Create | Villager (Male) |
| 12:02 | Age | Feudal Age |
| 12:04 | Build | Stable |
| 12:06 | Research | Double-Bit Axe |
| 12:06 | Research | Double-Bit Axe |
| 12:06 | Research | Double-Bit Axe |
| 12:08 | Create | Villager (Male) |
| 12:26 | Build | House |
| 12:36 | Build | House |
| 12:43 | Build | House |
| 12:48 | Create | Scout Cavalry |
| 12:48 | Create | Scout Cavalry |
| 12:48 | Create | Scout Cavalry |
| 12:49 | Create | Scout Cavalry |
| 12:53 | Create | Villager (Male) |
| 13:09 | Build | House |
| 13:18 | Create | Villager (Male) |
| 13:24 | Build | House |
| 13:35 | Research | Horse Collar |
| 13:35 | Research | Horse Collar |
| 13:35 | Research | Horse Collar |
| 13:38 | Create | Villager (Male) |
| 13:41 | Build | House |
| 14:03 | Create | Villager (Male) |
| 14:14 | Create | Villager (Male) |
| 14:37 | Build | House |
| 14:38 | Build | Blacksmith |
| 14:44 | Create | Villager (Male) |
| 15:11 | Create | Villager (Male) |
| 15:23 | Create | Scout Cavalry |
| 15:35 | Research | Scale Barding Armor |
| 15:35 | Research | Scale Barding Armor |
| 15:35 | Research | Scale Barding Armor |
| 16:10 | Create | Villager (Male) |
| 16:10 | Create | Villager (Male) |
| 16:16 | Create | Villager (Male) |
| 17:01 | Create | Villager (Male) |
| 17:03 | Research | Forging |
| 17:03 | Research | Forging |
| 17:06 | Build | House |
| 17:08 | Build | House |
| 17:13 | Build | Palisade Wall |
| 17:14 | Build | Palisade Gate |
| 17:18 | Build | House |
| 17:24 | Build | Palisade Wall |
| 17:43 | Build | Palisade Wall |
| 18:00 | Create | Villager (Male) |
| 18:18 | Create | Villager (Male) |
| 18:29 | Create | Scout Cavalry |
| 18:29 | Create | Scout Cavalry |
| 18:35 | Create | Villager (Male) |
| 18:51 | Build | Mule Cart |
| 18:57 | Build | Farm |
| 18:57 | Build | Farm |
| 18:58 | Build | Farm |
| 18:58 | Build | Farm |
| 19:02 | Create | Villager (Male) |
| 19:04 | Build | Farm |
| 19:05 | Build | Farm |
| 19:06 | Build | Farm |
| 19:06 | Build | Farm |
| 19:17 | Build | Farm |
| 19:18 | Build | Farm |
| 19:19 | Build | Farm |
| 19:24 | Create | Villager (Male) |
| 19:47 | Build | Farm |
| 19:48 | Build | Farm |
| 19:49 | Build | Farm |
| 19:50 | Build | Farm |
| 19:54 | Build | Farm |
| 19:58 | Build | Farm |
| 19:59 | Create | Villager (Male) |
| 20:29 | Create | Villager (Male) |
| 20:52 | Create | Villager (Male) |
| 21:18 | Research | Castle Age |
| 21:18 | Research | Castle Age |
| 21:21 | Build | House |
| 21:51 | Build | Stable |
| 22:23 | Build | House |
| 22:24 | Build | House |
| 22:25 | Build | House |
| 22:27 | Create | Scout Cavalry |
| 22:27 | Create | Scout Cavalry |
| 22:29 | Research | Bloodlines |
| 22:30 | Research | Bloodlines |
| 23:09 | Create | Villager (Male) |
| 23:20 | Build | House |
| 23:23 | Create | Scout Cavalry |
| 23:24 | Create | Scout Cavalry |
| 23:58 | Create | Scout Cavalry |
| 24:00 | Age | Castle Age |
| 24:01 | Research | Light Cavalry (upgrade) |
| 24:01 | Research | Light Cavalry (upgrade) |
| 24:06 | Build | Town Center |
| 24:17 | Create | Villager (Male) |
| 24:27 | Build | Town Center |
| 24:36 | Build | House |
| 24:42 | Research | Husbandry |
| 24:42 | Research | Husbandry |
| 24:43 | Research | Iron Casting |
| 24:43 | Research | Iron Casting |
| 24:47 | Create | Villager (Male) |
| 24:48 | Create | Villager (Male) |
| 25:01 | Build | Monastery |
| 25:14 | Create | Villager (Male) |
| 25:14 | Create | Villager (Male) |
| 25:14 | Create | Villager (Male) |
| 25:14 | Create | Villager (Male) |
| 25:42 | Create | Villager (Male) |
| 25:50 | Create | Villager (Male) |
| 25:50 | Create | Villager (Male) |
| 25:57 | Build | Monastery |
| 26:22 | Create | Villager (Male) |
| 26:27 | Build | Farm |
Build order — Gasior
First 150 of 487 actions detected
| 0:58 | Build | Town Center |
| 3:05 | Create | Villager (Male) ×4 |
| 3:18 | Build | House |
| 4:15 | Create | Villager (Male) |
| 4:24 | Build | House |
| 4:38 | Build | House |
| 4:42 | Create | Villager (Male) |
| 4:50 | Build | House |
| 5:05 | Create | Villager (Male) |
| 5:15 | Build | House |
| 5:25 | Build | House |
| 5:34 | Create | Villager (Male) |
| 5:34 | Create | Villager (Male) |
| 5:51 | Create | Villager (Male) |
| 6:07 | Build | Lumber Camp |
| 6:46 | Create | Villager (Male) |
| 6:46 | Create | Villager (Male) |
| 6:46 | Create | Villager (Male) |
| 6:55 | Build | House |
| 7:09 | Build | House |
| 7:13 | Create | Villager (Male) |
| 8:17 | Create | Villager (Male) |
| 8:17 | Create | Villager (Male) |
| 8:32 | Create | Villager (Male) |
| 8:37 | Create | Villager (Male) |
| 9:25 | Build | Mill |
| 9:56 | Create | Villager (Male) |
| 9:56 | Create | Villager (Male) |
| 10:25 | Build | Mining Camp |
| 10:41 | Create | Villager (Male) |
| 11:05 | Research | Feudal Age |
| 11:38 | Build | House |
| 11:44 | Build | House |
| 11:46 | Build | House |
| 12:31 | Build | House |
| 12:45 | Build | House |
| 12:49 | Build | House |
| 13:03 | Create | Villager (Male) |
| 13:03 | Create | Villager (Male) |
| 13:15 | Age | Feudal Age |
| 13:21 | Build | Market |
| 13:36 | Create | Villager (Male) |
| 13:43 | Build | Blacksmith |
| 14:29 | Research | Castle Age |
| 14:33 | Research | Loom |
| 14:36 | Research | Double-Bit Axe |
| 15:09 | Research | Horse Collar |
| 15:16 | Build | House |
| 15:18 | Build | House |
| 15:21 | Build | House |
| 15:26 | Build | House |
| 16:06 | Research | Wheelbarrow |
| 16:33 | Build | Palisade Wall |
| 16:35 | Build | Palisade Wall |
| 16:57 | Build | Barracks |
| 17:10 | Age | Castle Age |
| 17:35 | Build | Town Center |
| 17:38 | Create | Villager (Male) |
| 17:39 | Create | Villager (Male) |
| 17:52 | Create | Spearman |
| 17:52 | Create | Spearman |
| 18:01 | Build | Palisade Wall |
| 18:02 | Build | Palisade Wall |
| 18:03 | Build | Palisade Wall |
| 18:18 | Create | Villager (Male) |
| 18:22 | Create | Villager (Male) |
| 18:22 | Create | Villager (Male) |
| 18:55 | Create | Spearman |
| 19:15 | Create | Spearman |
| 19:27 | Create | Villager (Male) |
| 19:27 | Create | Villager (Male) |
| 19:28 | Create | Villager (Male) |
| 19:29 | Create | Villager (Male) |
| 19:44 | Create | Villager (Male) |
| 20:04 | Build | Town Center |
| 20:07 | Create | Villager (Male) |
| 20:07 | Create | Villager (Male) |
| 20:20 | Create | Villager (Male) |
| 20:36 | Build | Mining Camp |
| 20:39 | Build | Farm |
| 20:45 | Create | Villager (Male) |
| 21:00 | Build | Farm |
| 21:09 | Create | Villager (Male) |
| 21:09 | Create | Villager (Male) |
| 21:12 | Create | Villager (Male) |
| 21:23 | Create | Villager (Male) |
| 21:25 | Build | Farm |
| 21:37 | Create | Villager (Male) |
| 21:37 | Create | Villager (Male) |
| 21:48 | Build | Farm |
| 21:55 | Build | Farm |
| 22:00 | Create | Villager (Male) |
| 22:00 | Create | Villager (Male) |
| 22:07 | Create | Villager (Male) |
| 22:07 | Create | Villager (Male) |
| 22:16 | Build | Archery Range |
| 22:23 | Create | Villager (Male) |
| 22:23 | Create | Villager (Male) |
| 22:29 | Build | Archery Range |
| 22:38 | Build | Farm |
| 22:40 | Create | Villager (Male) |
| 22:54 | Create | Villager (Male) |
| 23:01 | Create | Archer |
| 23:01 | Create | Archer |
| 23:01 | Create | Archer |
| 23:06 | Create | Villager (Male) |
| 23:06 | Create | Villager (Male) |
| 23:14 | Create | Archer |
| 23:14 | Create | Archer |
| 23:20 | Build | Gate |
| 23:23 | Build | Stone Wall |
| 23:27 | Create | Villager (Male) |
| 23:30 | Build | Farm |
| 23:43 | Create | Villager (Male) |
| 23:43 | Create | Villager (Male) |
| 23:46 | Build | Farm |
| 23:50 | Build | Farm |
| 23:54 | Create | Archer |
| 23:54 | Create | Archer |
| 23:59 | Build | Farm |
| 24:01 | Create | Villager (Male) |
| 24:01 | Create | Villager (Male) |
| 24:02 | Build | Farm |
| 24:04 | Build | Farm |
| 24:05 | Create | Villager (Male) |
| 24:05 | Create | Villager (Male) |
| 24:08 | Build | Farm |
| 24:19 | Build | Farm |
| 24:31 | Build | Farm |
| 24:35 | Create | Villager (Male) |
| 24:38 | Create | Archer |
| 24:47 | Build | Farm |
| 24:53 | Build | Monastery |
| 24:56 | Create | Villager (Male) |
| 24:57 | Create | Villager (Male) |
| 24:57 | Create | Villager (Male) |
| 25:07 | Build | Farm |
| 25:08 | Create | Villager (Male) |
| 25:08 | Create | Villager (Male) |
| 25:14 | Create | Villager (Male) |
| 25:24 | Create | Villager (Male) |
| 25:26 | Build | Farm |
| 25:32 | Build | Stone Wall |
| 25:35 | Create | Villager (Male) |
| 25:35 | Create | Villager (Male) |
| 25:41 | Research | Fletching |
| 25:46 | Build | Farm |
| 25:48 | Create | Spearman |
| 25:48 | Create | Spearman |
| 25:50 | Create | Monk |
Build order — SSx_Flexa
First 150 of 387 actions detected
| 0:22 | Build | Town Center |
| 2:17 | Build | House |
| 2:27 | Build | House |
| 2:57 | Create | Villager (Male) |
| 2:57 | Create | Villager (Male) |
| 2:58 | Create | Villager (Male) |
| 2:59 | Create | Villager (Male) |
| 2:59 | Create | Villager (Male) |
| 3:11 | Build | House |
| 3:45 | Build | House |
| 4:27 | Create | Villager (Male) |
| 4:28 | Create | Villager (Male) |
| 4:36 | Build | House |
| 4:50 | Build | House |
| 5:15 | Create | Villager (Male) |
| 5:15 | Create | Villager (Male) |
| 5:16 | Create | Villager (Male) |
| 5:34 | Create | Villager (Male) |
| 5:34 | Create | Villager (Male) |
| 5:59 | Create | Villager (Male) |
| 5:59 | Create | Villager (Male) |
| 6:02 | Build | House |
| 6:20 | Build | House |
| 6:46 | Create | Villager (Male) |
| 6:46 | Create | Villager (Male) |
| 6:47 | Create | Villager (Male) |
| 6:56 | Build | Lumber Camp |
| 7:20 | Create | Villager (Male) |
| 7:20 | Create | Villager (Male) |
| 7:25 | Create | Villager (Male) |
| 7:25 | Create | Villager (Male) |
| 7:33 | Create | Villager (Male) |
| 7:33 | Create | Villager (Male) |
| 7:54 | Build | House |
| 7:56 | Create | Villager (Male) |
| 7:56 | Create | Villager (Male) |
| 8:20 | Create | Villager (Male) |
| 8:44 | Create | Villager (Male) |
| 8:44 | Create | Villager (Male) |
| 8:45 | Create | Villager (Male) |
| 8:45 | Create | Villager (Male) |
| 9:29 | Create | Villager (Male) |
| 9:50 | Create | Villager (Male) |
| 10:05 | Build | Mining Camp |
| 10:15 | Create | Villager (Male) |
| 10:43 | Create | Villager (Male) |
| 10:54 | Create | Villager (Male) |
| 10:58 | Build | Mill |
| 11:36 | Research | Loom |
| 11:37 | Research | Feudal Age |
| 12:21 | Build | Barracks |
| 14:07 | Create | Villager (Male) |
| 14:30 | Age | Feudal Age |
| 14:33 | Build | Archery Range |
| 14:45 | Build | Blacksmith |
| 14:47 | Create | Villager (Male) |
| 14:49 | Build | House |
| 15:13 | Build | Archery Range |
| 15:15 | Create | Villager (Male) |
| 15:28 | Research | Castle Age |
| 15:29 | Research | Castle Age |
| 15:37 | Research | Fletching |
| 16:03 | Research | Padded Archer Armor |
| 16:23 | Build | House |
| 16:31 | Build | House |
| 16:37 | Build | House |
| 16:42 | Build | Palisade Wall |
| 17:03 | Research | Double-Bit Axe |
| 17:12 | Build | Palisade Wall |
| 17:15 | Build | Palisade Wall |
| 17:18 | Build | Palisade Wall |
| 17:33 | Create | Villager (Male) |
| 17:33 | Create | Villager (Male) |
| 18:08 | Create | Villager (Male) |
| 18:12 | Age | Castle Age |
| 18:16 | Create | Cavalry Archer |
| 18:16 | Create | Cavalry Archer |
| 18:16 | Create | Cavalry Archer |
| 18:18 | Create | Villager (Male) |
| 18:23 | Build | University |
| 18:26 | Create | Villager (Male) |
| 18:33 | Build | Town Center |
| 18:34 | Create | Villager (Male) |
| 18:46 | Research | Bow Saw |
| 18:46 | Research | Bow Saw |
| 18:50 | Create | Cavalry Archer ×3 |
| 18:50 | Create | Cavalry Archer ×3 |
| 19:11 | Create | Cavalry Archer |
| 19:11 | Create | Cavalry Archer |
| 19:16 | Create | Villager (Male) |
| 19:28 | Create | Villager (Male) |
| 19:44 | Create | Cavalry Archer |
| 19:44 | Create | Cavalry Archer |
| 19:44 | Create | Cavalry Archer |
| 20:02 | Build | Stable |
| 20:35 | Create | Cavalry Archer |
| 20:35 | Create | Cavalry Archer |
| 20:35 | Create | Cavalry Archer |
| 20:44 | Create | Villager (Male) |
| 20:46 | Create | Villager (Male) |
| 20:51 | Create | Cavalry Archer |
| 20:52 | Create | Cavalry Archer |
| 21:09 | Create | Villager (Male) |
| 21:22 | Create | Villager (Male) |
| 21:22 | Create | Villager (Male) |
| 21:39 | Build | Farm |
| 21:51 | Create | Cavalry Archer |
| 21:51 | Create | Cavalry Archer |
| 21:52 | Create | Cavalry Archer |
| 22:21 | Create | Cavalry Archer |
| 22:21 | Create | Cavalry Archer |
| 22:29 | Create | Villager (Male) |
| 22:37 | Build | Farm |
| 22:39 | Build | Farm |
| 22:40 | Build | Farm |
| 23:07 | Research | Ballistics |
| 23:07 | Research | Ballistics |
| 23:18 | Create | Villager (Male) |
| 23:26 | Create | Villager (Male) |
| 23:26 | Create | Villager (Male) |
| 23:44 | Create | Cavalry Archer |
| 23:45 | Create | Cavalry Archer |
| 23:49 | Create | Villager (Male) |
| 23:50 | Create | Villager (Male) |
| 24:42 | Create | Villager (Male) |
| 24:43 | Create | Villager (Male) |
| 24:43 | Create | Villager (Male) |
| 24:44 | Create | Cavalry Archer |
| 24:44 | Create | Cavalry Archer |
| 24:50 | Build | House |
| 25:02 | Create | Cavalry Archer |
| 25:02 | Create | Cavalry Archer |
| 25:02 | Create | Cavalry Archer |
| 25:06 | Build | House |
| 25:07 | Build | House |
| 25:44 | Research | Bodkin Arrow |
| 25:44 | Research | Bodkin Arrow |
| 25:51 | Create | Villager (Male) |
| 25:51 | Create | Villager (Male) |
| 25:52 | Create | Villager (Male) |
| 26:55 | Create | Cavalry Archer |
| 26:55 | Create | Cavalry Archer |
| 26:55 | Create | Cavalry Archer |
| 26:58 | Build | House |
| 26:58 | Build | House |
| 27:23 | Create | Villager (Male) |
| 27:23 | Create | Villager (Male) |
| 27:32 | Create | Villager (Male) |
| 27:33 | Create | Villager (Male) |
| 27:40 | Build | Market |
Build order — _warDian_
First 150 of 536 actions detected
| 0:35 | Build | Town Center |
| 0:43 | Build | Town Center |
| 1:49 | Build | House |
| 1:52 | Build | House |
| 2:53 | Research | Loom |
| 2:53 | Research | Loom |
| 2:53 | Create | Villager (Male) |
| 2:54 | Create | Villager (Male) |
| 2:54 | Create | Villager (Male) |
| 2:54 | Create | Villager (Male) |
| 2:55 | Create | Villager (Male) |
| 3:58 | Create | Villager (Male) |
| 4:42 | Create | Villager (Male) |
| 4:42 | Create | Villager (Male) |
| 5:52 | Create | Villager (Male) |
| 5:52 | Create | Villager (Male) |
| 5:52 | Create | Villager (Male) |
| 5:56 | Create | Villager (Male) |
| 6:10 | Build | Lumber Camp |
| 6:28 | Create | Villager (Male) |
| 7:08 | Build | House |
| 7:21 | Create | Villager (Male) |
| 7:22 | Create | Villager (Male) |
| 7:29 | Build | House |
| 8:12 | Create | Villager (Male) |
| 8:19 | Create | Villager (Male) |
| 8:31 | Build | Palisade Wall |
| 8:32 | Build | Palisade Gate |
| 9:07 | Create | Villager (Male) |
| 9:50 | Research | Feudal Age |
| 9:51 | Research | Feudal Age |
| 10:23 | Build | Palisade Wall |
| 10:24 | Build | House |
| 10:27 | Build | Palisade Wall |
| 11:26 | Create | Villager (Male) |
| 12:00 | Age | Feudal Age |
| 12:04 | Build | Stable |
| 12:07 | Research | Double-Bit Axe |
| 12:39 | Build | Mill |
| 12:45 | Create | Villager (Male) |
| 12:48 | Create | Scout Cavalry ×3 |
| 12:48 | Create | Scout Cavalry ×3 |
| 13:06 | Create | Villager (Male) |
| 13:23 | Build | House |
| 13:25 | Build | House |
| 13:30 | Create | Villager (Male) |
| 13:46 | Create | Villager (Male) |
| 13:55 | Build | Mining Camp |
| 14:01 | Build | Blacksmith |
| 14:06 | Create | Scout Cavalry |
| 14:07 | Create | Villager (Male) |
| 14:47 | Create | Villager (Male) |
| 14:52 | Create | Scout Cavalry |
| 14:53 | Create | Scout Cavalry |
| 15:03 | Create | Villager (Male) |
| 15:10 | Build | House |
| 15:12 | Build | House |
| 15:42 | Create | Villager (Male) |
| 15:45 | Build | Farm |
| 15:47 | Build | Farm |
| 15:49 | Research | Horse Collar |
| 15:57 | Research | Scale Barding Armor |
| 16:09 | Create | Villager (Male) |
| 16:10 | Create | Villager (Male) |
| 16:14 | Build | Farm |
| 16:16 | Build | Farm |
| 16:18 | Build | Farm |
| 16:27 | Create | Villager (Male) |
| 16:31 | Build | House |
| 16:32 | Build | House |
| 16:39 | Create | Villager (Male) |
| 16:58 | Research | Forging |
| 17:13 | Create | Scout Cavalry |
| 17:25 | Create | Villager (Male) |
| 17:27 | Build | House |
| 17:31 | Build | Farm |
| 17:32 | Build | Farm |
| 17:35 | Build | Farm |
| 17:58 | Create | Villager (Male) |
| 18:22 | Build | Farm |
| 18:22 | Create | Villager (Male) |
| 18:25 | Build | Farm |
| 18:28 | Build | Farm |
| 18:41 | Create | Villager (Male) |
| 19:05 | Create | Villager (Male) |
| 19:08 | Build | Farm |
| 19:09 | Build | Farm |
| 19:19 | Build | Farm |
| 19:53 | Build | Stable |
| 19:58 | Research | Castle Age |
| 19:58 | Research | Castle Age |
| 20:04 | Build | House |
| 20:05 | Build | House |
| 20:25 | Research | Gold Mining |
| 20:51 | Build | House |
| 20:52 | Build | House |
| 20:56 | Build | House |
| 20:58 | Build | House |
| 22:11 | Create | Villager (Male) |
| 22:31 | Research | Bloodlines |
| 22:38 | Age | Castle Age |
| 22:41 | Research | Husbandry |
| 22:43 | Research | Chain Barding Armor |
| 22:45 | Create | Villager (Male) |
| 22:48 | Build | Town Center |
| 23:00 | Create | Knight |
| 23:00 | Create | Knight |
| 23:06 | Build | Farm |
| 23:10 | Create | Villager (Male) |
| 23:43 | Create | Knight |
| 23:44 | Create | Knight |
| 23:44 | Create | Knight |
| 23:44 | Create | Knight |
| 23:46 | Create | Villager (Male) |
| 23:49 | Create | Villager (Male) |
| 24:03 | Create | Knight |
| 24:03 | Create | Knight |
| 24:11 | Create | Villager (Male) |
| 24:22 | Create | Knight |
| 24:22 | Create | Knight |
| 24:31 | Create | Villager (Male) |
| 24:43 | Create | Villager (Male) |
| 24:55 | Build | Town Center |
| 25:02 | Create | Knight |
| 25:04 | Create | Villager (Male) |
| 25:04 | Create | Villager (Male) |
| 25:17 | Build | Mining Camp |
| 25:22 | Create | Knight |
| 25:24 | Create | Villager (Male) |
| 25:30 | Create | Villager (Male) |
| 25:38 | Create | Knight |
| 25:39 | Create | Villager (Male) |
| 25:39 | Create | Villager (Male) |
| 25:44 | Create | Villager (Male) |
| 25:56 | Build | Farm |
| 25:57 | Build | Farm |
| 25:59 | Build | Farm |
| 26:04 | Create | Villager (Male) |
| 26:12 | Create | Knight |
| 26:25 | Build | Stable |
| 26:28 | Create | Villager (Male) |
| 26:32 | Create | Villager (Male) |
| 26:44 | Research | Town Watch |
| 27:07 | Create | Villager (Male) |
| 27:07 | Create | Villager (Male) |
| 27:16 | Create | Scout Cavalry |
| 27:20 | Create | Knight ×2 |
| 27:25 | Build | House |
| 27:26 | Build | House |
| 27:33 | Create | Knight |
Build order — __92_Deimos_Arg
First 150 of 556 actions detected
| 0:39 | Build | Town Center |
| 0:59 | Build | House |
| 2:50 | Create | Villager (Male) |
| 2:51 | Create | Villager (Male) |
| 2:51 | Create | Villager (Male) |
| 2:52 | Create | Villager (Male) |
| 4:14 | Build | Lumber Camp |
| 4:17 | Create | Villager (Male) |
| 4:31 | Build | House |
| 4:38 | Create | Villager (Male) |
| 4:54 | Create | Villager (Male) |
| 5:24 | Build | House |
| 5:39 | Create | Villager (Male) |
| 5:39 | Create | Villager (Male) |
| 6:09 | Create | Villager (Male) |
| 6:10 | Create | Villager (Male) |
| 6:29 | Build | Mill |
| 6:37 | Create | Villager (Male) |
| 6:44 | Build | House |
| 7:01 | Create | Villager (Male) |
| 7:02 | Create | Villager (Male) |
| 7:14 | Create | Villager (Male) |
| 7:15 | Create | Villager (Male) |
| 7:25 | Create | Villager (Male) |
| 7:25 | Create | Villager (Male) |
| 7:47 | Create | Villager (Male) |
| 8:10 | Build | House |
| 8:34 | Create | Villager (Male) |
| 8:58 | Create | Villager (Male) |
| 9:10 | Build | House |
| 9:22 | Build | Mining Camp |
| 9:25 | Create | Villager (Male) |
| 9:32 | Build | House |
| 9:43 | Build | House |
| 9:50 | Create | Villager (Male) |
| 10:22 | Build | House |
| 10:28 | Research | Loom |
| 10:50 | Research | Feudal Age |
| 11:37 | Create | Villager (Male) |
| 11:52 | Build | House |
| 12:32 | Create | Villager (Male) |
| 12:51 | Build | Barracks |
| 13:03 | Age | Feudal Age |
| 13:07 | Research | Double-Bit Axe |
| 13:08 | Research | Horse Collar |
| 13:09 | Research | Gold Mining |
| 13:15 | Create | Villager (Male) |
| 13:38 | Build | Blacksmith |
| 13:56 | Build | House |
| 13:58 | Create | Villager (Male) |
| 14:43 | Build | House |
| 14:46 | Build | House |
| 14:48 | Create | Villager (Male) |
| 15:06 | Create | Villager (Male) |
| 15:12 | Research | Wheelbarrow |
| 15:17 | Build | Palisade Wall |
| 15:42 | Build | Archery Range |
| 15:46 | Build | Archery Range |
| 15:59 | Build | House |
| 16:22 | Build | House |
| 16:40 | Research | Castle Age |
| 16:44 | Build | House |
| 16:47 | Build | House |
| 17:07 | Research | Fletching |
| 17:10 | Build | House |
| 17:23 | Build | Archery Range |
| 17:45 | Build | House |
| 17:45 | Build | Palisade Wall |
| 18:08 | Build | House |
| 18:23 | Build | Palisade Wall |
| 18:24 | Build | Palisade Wall |
| 18:34 | Build | House |
| 18:35 | Build | House |
| 18:37 | Build | House |
| 18:40 | Build | House |
| 18:56 | Build | Palisade Wall |
| 19:20 | Age | Castle Age |
| 19:20 | Create | Villager (Male) |
| 19:21 | Create | Unit 1952 |
| 19:22 | Create | Unit 1952 |
| 19:22 | Research | Bodkin Arrow |
| 19:35 | Build | Market |
| 19:40 | Research | Bow Saw |
| 19:43 | Create | Villager (Male) |
| 19:48 | Build | Palisade Wall |
| 19:51 | Build | Palisade Wall |
| 19:56 | Create | Unit 1952 |
| 19:56 | Create | Unit 1952 |
| 20:01 | Create | Unit 1952 |
| 20:01 | Create | Unit 1952 |
| 20:28 | Create | Unit 1952 |
| 20:28 | Create | Villager (Male) |
| 20:45 | Build | Town Center |
| 20:46 | Create | Villager (Male) |
| 21:02 | Create | Villager (Male) |
| 21:17 | Build | Farm |
| 21:27 | Create | Villager (Male) |
| 21:33 | Create | Unit 1952 |
| 21:37 | Build | Farm |
| 21:42 | Create | Villager (Male) |
| 21:51 | Create | Villager (Male) |
| 21:54 | Build | House |
| 22:08 | Create | Villager (Male) |
| 22:15 | Create | Unit 1952 |
| 22:17 | Create | Unit 1952 |
| 22:18 | Create | Villager (Male) |
| 22:23 | Build | Farm |
| 22:25 | Build | Farm |
| 22:35 | Build | House |
| 22:37 | Create | Villager (Male) |
| 22:39 | Create | Unit 1952 |
| 22:45 | Create | Villager (Male) |
| 22:47 | Build | Farm |
| 22:49 | Build | Farm |
| 22:51 | Create | Unit 1952 |
| 22:51 | Create | Unit 1952 |
| 22:57 | Create | Villager (Male) |
| 23:03 | Build | House |
| 23:14 | Create | Unit 1952 |
| 23:19 | Build | House |
| 23:30 | Create | Villager (Male) |
| 23:52 | Build | Stable |
| 23:57 | Research | Padded Archer Armor |
| 24:02 | Create | Unit 1952 |
| 24:04 | Build | Farm |
| 24:17 | Create | Villager (Male) |
| 24:21 | Build | Town Center |
| 24:30 | Create | Unit 1952 |
| 24:31 | Create | Villager (Male) |
| 24:37 | Build | House |
| 24:43 | Research | Squires |
| 25:00 | Create | Villager (Male) |
| 25:01 | Research | Husbandry |
| 25:03 | Build | House |
| 25:06 | Create | Unit 1952 |
| 25:07 | Create | Unit 1952 |
| 25:32 | Create | Villager (Male) |
| 25:34 | Build | Farm |
| 25:35 | Build | Farm |
| 25:39 | Create | Unit 1952 |
| 25:39 | Create | Unit 1952 |
| 25:57 | Create | Villager (Male) |
| 25:59 | Build | Farm |
| 26:00 | Build | Farm |
| 26:01 | Create | Unit 1952 |
| 26:01 | Create | Unit 1952 |
| 26:04 | Build | House |
| 26:05 | Build | House |
| 26:07 | Build | House |
| 26:12 | Create | Villager (Male) |
Build order — Fs.JonyBravo
First 150 of 489 actions detected
| 0:26 | Build | Town Center |
| 2:04 | Build | House |
| 3:00 | Create | Villager (Male) |
| 3:00 | Create | Villager (Male) |
| 3:01 | Create | Villager (Male) |
| 3:02 | Create | Villager (Male) |
| 3:03 | Create | Villager (Male) |
| 3:12 | Build | House |
| 3:27 | Build | House |
| 3:38 | Build | House |
| 3:55 | Build | House |
| 4:46 | Create | Villager (Male) |
| 4:46 | Create | Villager (Male) |
| 4:46 | Create | Villager (Male) |
| 4:47 | Create | Villager (Male) |
| 5:09 | Create | Villager (Male) |
| 5:09 | Create | Villager (Male) |
| 5:38 | Create | Villager (Male) |
| 5:38 | Create | Villager (Male) |
| 5:39 | Create | Villager (Male) |
| 5:39 | Create | Villager (Male) |
| 5:44 | Build | Lumber Camp |
| 6:24 | Create | Villager (Male) |
| 6:25 | Create | Villager (Male) |
| 6:25 | Create | Villager (Male) |
| 6:25 | Create | Villager (Male) |
| 6:37 | Create | Villager (Male) |
| 6:37 | Create | Villager (Male) |
| 7:14 | Create | Villager (Male) |
| 7:14 | Create | Villager (Male) |
| 7:15 | Create | Villager (Male) |
| 7:19 | Build | House |
| 7:42 | Build | Mill |
| 7:46 | Create | Villager (Male) |
| 8:14 | Create | Villager (Male) |
| 8:34 | Build | House |
| 9:41 | Research | Loom |
| 9:52 | Research | Feudal Age |
| 10:29 | Build | Palisade Wall |
| 10:41 | Build | Palisade Wall |
| 11:09 | Build | Palisade Wall |
| 11:11 | Build | Palisade Wall |
| 11:16 | Build | Palisade Gate |
| 12:02 | Build | Barracks |
| 12:23 | Age | Feudal Age |
| 12:29 | Create | Villager (Male) |
| 12:29 | Create | Villager (Male) |
| 12:49 | Build | Stable |
| 12:58 | Create | Villager (Male) |
| 13:07 | Build | House |
| 13:13 | Research | Horse Collar |
| 13:20 | Create | Villager (Male) |
| 13:22 | Create | Scout Cavalry |
| 13:22 | Create | Scout Cavalry |
| 13:24 | Create | Spearman |
| 13:24 | Create | Spearman |
| 13:38 | Build | Farm |
| 13:41 | Build | Farm |
| 13:48 | Build | House |
| 13:56 | Create | Scout Cavalry |
| 13:59 | Create | Villager (Male) |
| 14:14 | Research | Double-Bit Axe |
| 14:19 | Create | Scout Cavalry |
| 14:27 | Build | House |
| 14:29 | Build | House |
| 14:31 | Create | Villager (Male) |
| 14:32 | Create | Villager (Male) |
| 14:35 | Build | Farm |
| 14:55 | Create | Spearman |
| 14:56 | Create | Villager (Male) |
| 14:56 | Create | Villager (Male) |
| 14:56 | Create | Villager (Male) |
| 14:59 | Build | Farm |
| 15:12 | Create | Villager (Male) |
| 15:13 | Create | Villager (Male) |
| 15:13 | Create | Villager (Male) |
| 15:38 | Create | Villager (Male) |
| 15:41 | Build | House |
| 15:50 | Build | Farm |
| 15:53 | Build | Farm |
| 15:57 | Create | Scout Cavalry |
| 15:57 | Create | Scout Cavalry |
| 16:07 | Create | Villager (Male) |
| 16:15 | Build | Farm |
| 16:24 | Create | Villager (Male) |
| 16:55 | Create | Scout Cavalry |
| 16:55 | Create | Scout Cavalry |
| 17:01 | Create | Villager (Male) |
| 17:01 | Create | Villager (Male) |
| 17:21 | Create | Villager (Male) |
| 17:23 | Build | Farm |
| 17:29 | Create | Villager (Male) |
| 17:32 | Build | Blacksmith |
| 17:41 | Create | Villager (Male) |
| 17:45 | Build | Farm |
| 17:51 | Build | Farm |
| 18:02 | Create | Villager (Male) |
| 18:05 | Build | Farm |
| 18:46 | Research | Forging |
| 18:46 | Create | Villager (Male) |
| 18:47 | Create | Villager (Male) |
| 18:54 | Build | Farm |
| 18:55 | Build | Farm |
| 19:05 | Create | Scout Cavalry |
| 19:05 | Create | Scout Cavalry |
| 19:23 | Build | Farm |
| 19:26 | Build | House |
| 19:27 | Create | Villager (Male) |
| 19:58 | Build | House |
| 20:01 | Build | House |
| 20:09 | Create | Villager (Male) |
| 20:12 | Build | Farm |
| 20:27 | Create | Villager (Male) |
| 20:29 | Build | Mining Camp |
| 20:59 | Create | Villager (Male) |
| 21:19 | Build | House |
| 21:37 | Build | Lumber Camp |
| 21:47 | Create | Villager (Male) |
| 21:47 | Create | Villager (Male) |
| 21:59 | Build | Stable |
| 22:11 | Build | House |
| 22:20 | Build | Mining Camp |
| 22:50 | Research | Castle Age |
| 22:51 | Research | Castle Age |
| 22:51 | Research | Castle Age |
| 22:57 | Build | Stable |
| 23:16 | Build | Mining Camp |
| 23:39 | Research | Gold Mining |
| 23:39 | Research | Gold Mining |
| 23:42 | Research | Scale Barding Armor |
| 23:42 | Research | Scale Barding Armor |
| 24:02 | Build | House |
| 24:02 | Build | House |
| 24:04 | Build | House |
| 24:07 | Build | House |
| 24:17 | Research | Bloodlines |
| 24:17 | Research | Bloodlines |
| 24:59 | Build | Farm |
| 25:30 | Age | Castle Age |
| 25:32 | Research | Husbandry |
| 25:33 | Create | Knight |
| 25:34 | Create | Knight |
| 25:35 | Create | Villager (Male) |
| 25:36 | Create | Villager (Male) |
| 25:40 | Build | Town Center |
| 25:56 | Create | Villager (Male) |
| 26:04 | Research | Chain Barding Armor |
| 26:05 | Create | Knight |
| 26:06 | Create | Knight |
| 26:06 | Create | Knight |
Match timeline
| 4:09 | SSx_SnowwW · wall_segment Palisade Wall x1 |
| 4:17 | SSx_SnowwW · wall_segment Palisade Wall x1 |
| 7:54 | SSx_SnowwW · wall_segment Palisade Wall x1 |
| 8:08 | SSx_SnowwW · wall_segment Palisade Wall x1 |
| 8:31 | _warDian_ · wall_segment Palisade Wall x6 |
| 10:23 | _warDian_ · wall_segment Palisade Wall x4 |
| 10:26 | SSx_SnowwW · wall_segment Palisade Wall x7 |
| 10:27 | _warDian_ · wall_segment Palisade Wall x1 |
| 10:27 | SSx_SnowwW · wall_segment Palisade Wall x1 |
| 10:27 | SS_T3q · first_building Barracks |
| 10:29 | SSx_SnowwW · wall_segment Palisade Wall x6 |
| 10:29 | Fs.JonyBravo · wall_segment Palisade Wall x3 |
| 10:41 | Fs.JonyBravo · wall_segment Palisade Wall x6 |
| 11:09 | Fs.JonyBravo · wall_segment Palisade Wall x7 |
| 11:11 | Fs.JonyBravo · wall_segment Palisade Wall x9 |
| 12:00 | _warDian_ · age_up feudal |
| 12:02 | Fs.JonyBravo · first_building Barracks |
| 12:02 | SS_T3q · age_up feudal |
| 12:04 | _warDian_ · first_building Stable |
| 12:04 | SS_T3q · first_building Stable |
| 12:21 | SSx_Flexa · first_building Barracks |
| 12:23 | Fs.JonyBravo · age_up feudal |
| 12:49 | Fs.JonyBravo · first_building Stable |
| 12:51 | __92_Deimos_Arg · first_building Barracks |
| 13:03 | __92_Deimos_Arg · age_up feudal |
| 13:15 | Gasior · age_up feudal |
| 13:32 | SSx_SnowwW · age_up feudal |
| 13:37 | _94_ShaDoW_Arg · age_up feudal |
| 13:51 | SSx_SnowwW · first_building Dock |
| 14:30 | SSx_Flexa · age_up feudal |
| 14:33 | SSx_Flexa · first_building Archery Range |
| 14:57 | _94_ShaDoW_Arg · first_building Barracks |
| 15:17 | __92_Deimos_Arg · wall_segment Palisade Wall x6 |
| 15:42 | __92_Deimos_Arg · first_building Archery Range |
| 16:14 | _94_ShaDoW_Arg · wall_segment Palisade Wall x1 |
| 16:20 | SSx_SnowwW · wall_segment Palisade Wall x4 |
| 16:27 | _94_ShaDoW_Arg · first_building Stable |
| 16:33 | Gasior · wall_segment Palisade Wall x1 |
| 16:35 | Gasior · wall_segment Palisade Wall x1 |
| 16:38 | SSx_SnowwW · wall_segment Palisade Wall x3 |
| 16:42 | SSx_Flexa · wall_segment Palisade Wall x1 |
| 16:57 | Gasior · first_building Barracks |
| 17:02 | _94_ShaDoW_Arg · first_market_sell 100 food |
| 17:04 | _94_ShaDoW_Arg · first_market_buy 100 wood |
| 17:10 | Gasior · age_up castle |
| 17:12 | SSx_Flexa · wall_segment Palisade Wall x1 |
| 17:13 | SS_T3q · wall_segment Palisade Wall x4 |
| 17:15 | SSx_Flexa · wall_segment Palisade Wall x1 |
| 17:18 | SSx_Flexa · wall_segment Palisade Wall x1 |
| 17:24 | SS_T3q · wall_segment Palisade Wall x1 |
| 17:26 | Gasior · first_market_buy 100 wood |
| 17:27 | SSx_SnowwW · age_up castle |
| 17:33 | _94_ShaDoW_Arg · age_up castle |
| 17:39 | SSx_SnowwW · first_building Castle |
| 17:43 | SS_T3q · wall_segment Palisade Wall x1 |
| 17:45 | __92_Deimos_Arg · wall_segment Palisade Wall x1 |
| 18:01 | Gasior · wall_segment Palisade Wall x1 |
| 18:02 | Gasior · wall_segment Palisade Wall x1 |
| 18:03 | Gasior · wall_segment Palisade Wall x1 |
| 18:12 | SSx_Flexa · age_up castle |
| 18:23 | __92_Deimos_Arg · wall_segment Palisade Wall x1 |
| 18:24 | __92_Deimos_Arg · wall_segment Palisade Wall x1 |
| 18:56 | __92_Deimos_Arg · wall_segment Palisade Wall x1 |
| 19:20 | __92_Deimos_Arg · age_up castle |
| 19:40 | SSx_SnowwW · first_market_sell 100 stone |
| 19:40 | SSx_SnowwW · first_market_buy 100 food |
| 19:48 | __92_Deimos_Arg · wall_segment Palisade Wall x1 |
| 19:51 | __92_Deimos_Arg · wall_segment Palisade Wall x1 |
| 19:57 | SSx_SnowwW · wall_segment Palisade Wall x5 |
| 20:02 | SSx_Flexa · first_building Stable |
| 20:08 | __92_Deimos_Arg · first_market_buy 100 wood |
| 22:16 | Gasior · first_building Archery Range |
| 22:38 | _warDian_ · age_up castle |
| 23:23 | Gasior · wall_segment Stone Wall x4 |
| 23:52 | __92_Deimos_Arg · first_building Stable |
| 24:00 | SS_T3q · age_up castle |
| 24:53 | Gasior · first_building Monastery |
| 25:01 | SS_T3q · first_building Monastery |
| 25:30 | Fs.JonyBravo · age_up castle |
| 25:32 | Gasior · wall_segment Stone Wall x9 |
| 26:19 | SSx_SnowwW · wall_segment Palisade Wall x1 |
| 26:20 | SSx_SnowwW · wall_segment Palisade Wall x1 |
| 26:21 | SSx_SnowwW · wall_segment Palisade Wall x2 |
| 26:25 | Fs.JonyBravo · wall_segment Palisade Wall x5 |
| 26:29 | Gasior · wall_segment Stone Wall x1 |
| 27:01 | Gasior · wall_segment Stone Wall x9 |
| 29:08 | __92_Deimos_Arg · first_building Castle |
| 29:15 | _94_ShaDoW_Arg · wall_segment Palisade Wall x1 |
| 29:44 | SSx_Flexa · first_market_sell 100 wood |
| 29:50 | SSx_Flexa · first_market_buy 100 food |
| 31:09 | Fs.JonyBravo · first_market_buy 100 food |
| 31:22 | SS_T3q · wall_segment Stone Wall x1 |
| 31:22 | Gasior · wall_segment Stone Wall x1 |
| 31:23 | Gasior · wall_segment Stone Wall x5 |
| 31:37 | Gasior · first_building Siege Workshop |
| 31:45 | Gasior · first_building Castle |
| 32:31 | Gasior · first_market_sell 100 wood |
| 32:35 | SS_T3q · first_building Castle |
| 33:42 | _94_ShaDoW_Arg · first_building Monastery |
| 34:37 | _warDian_ · first_building Monastery |
| 34:52 | SSx_SnowwW · first_building Siege Workshop |
| 35:22 | _warDian_ · first_building Castle |
| 36:08 | SS_T3q · wall_segment Palisade Wall x1 |
| 36:10 | SS_T3q · wall_segment Palisade Wall x1 |
| 36:14 | Fs.JonyBravo · first_building Castle |
| 36:31 | _94_ShaDoW_Arg · first_building Castle |
| 36:55 | SS_T3q · age_up imperial |
| 37:49 | __92_Deimos_Arg · first_market_sell 100 wood |
| 37:50 | SSx_SnowwW · first_building Barracks |
| 38:12 | __92_Deimos_Arg · first_building Siege Workshop |
| 38:30 | SSx_SnowwW · first_building Archery Range |
| 38:43 | SSx_SnowwW · age_up imperial |
| 39:08 | _94_ShaDoW_Arg · age_up imperial |
| 39:16 | _warDian_ · first_market_buy 100 food |
| 39:40 | Fs.JonyBravo · first_market_sell 500 wood |
| 41:21 | SS_T3q · first_market_buy 100 food |
| 41:31 | __92_Deimos_Arg · age_up imperial |
| 42:36 | Gasior · age_up imperial |
| 43:01 | _warDian_ · age_up imperial |
| 43:07 | SSx_Flexa · first_building Monastery |
| 43:36 | Fs.JonyBravo · age_up imperial |
| 45:23 | SSx_Flexa · first_building Castle |
| 47:18 | SS_T3q · first_market_sell 100 wood |
| 47:24 | SSx_Flexa · age_up imperial |
| 48:59 | Fs.JonyBravo · first_building Archery Range |
| 51:53 | SSx_SnowwW · resign |
[ AI ANALYSIS · 1 CREDIT ]
What really happened in this match?
Wolo.gg analyzes every decision: build order, eco, micro, common mistakes by bracket. Personalized analysis on WhatsApp or Discord in 30 seconds.
Civ guide
Tupi
Perfil
Jugador #589214